 Dungeon Crawl Stone Soup version 0.31.0-4-g52a2dc7128 (webtiles) character file.

Game seed: 7597176128557184858

670 Bobbunny the Trooper (level 7, -4/59 HPs)
             Began as a Formicid Fighter on Jan 21, 2024.
             Killed by divine providence
             ... invoked by an orc priest
              (14 damage)
             ... on level 5 of the Dungeon.
             The game lasted 00:03:16 (4463 turns).

Bobbunny the Trooper (Formicid Fighter)             Turns: 4463, Time: 00:03:17

Health: -4/59      AC: 12    Str: 23    XL:     7   Next: 89%
Magic:  7/7        EV:  6    Int:  7    God:
Gold:   226        SH:  5    Dex: 13    Spells: 6/6 levels left

rFire   . . .        a - +0 war axe
rCold   . . .        c - +0 buckler
rNeg    . . .        q - +0 plate armour
rPois   .            (helmet unavailable)
rElec   .            u - +0 cloak
rCorr   .            (no gloves)
SInv    +            (no boots)
Will    .....        k - amulet of the acrobat Stlth
                     (no ring)
HPRegen 0.29/turn    (no ring)
MPRegen 0.10/turn

%: acrobat
@: no status effects
A: permanent stasis, dig shafts and tunnels, antennae 3, four strong arms
a: Dig, Shaft Self


You were on level 5 of the Dungeon.
You visited 1 branch of the dungeon, and saw 5 of its levels.
You also visited: Sewer.

You collected 226 gold pieces.

Inventory:

Hand Weapons
 a - a +0 war axe (weapon)
Missiles
 o - 3 javelins (quivered)
 x - 22 poisoned darts
Armour
 c - a +0 buckler (worn)
 q - a +0 plate armour (worn)
 u - a +0 cloak (worn)
Jewellery
 k - an amulet of the acrobat (around neck)
Scrolls
 b - a scroll of enchant armour {unknown}
 f - 2 scrolls of poison {unknown}
 g - a scroll of teleportation {unknown}
 h - 5 scrolls of identify {unknown}
 p - a scroll of fog {unknown}
 r - a scroll of revelation {unknown}
 s - a scroll of amnesia {unknown}
Potions
 d - a potion of might
 e - 4 potions of curing
 i - 2 potions of attraction {unknown}
 j - a potion of invisibility {unknown}
 l - a potion of resistance {unknown}
 m - a potion of brilliance {unknown}
 n - a potion of ambrosia {unknown}
 t - a potion of haste {unknown}
 v - a potion of mutation {unknown}
 w - a potion of degeneration {unknown}
 z - 2 potions of enlightenment
 A - a potion of heal wounds


   Skills:
 + Level 6.8 Fighting
 + Level 5.6 Axes
 - Level 3.2 Armour
 - Level 3.0 Stealth
 - Level 4.0 Shields


You had 6 spell levels left.
You didn't know any spells.
Your spell library contained the following spells:

 Spells                   Type           Power      Damage    Failure   Level
 Necrotise                Necr           0%         1d4       100%        1
 Mercury Vapours          Alch/Air       0%         N/A       100%        2
 Inner Flame              Hex/Fire       0%         N/A       100%        3
 Mephitic Cloud           Conj/Alch/Air  0%         N/A       100%        3
 Vampiric Draining        Necr           0%         2d6       100%        3
 Flame Wave               Conj/Fire      0%         2d4       100%        4
 Martyr's Knell           Necr/Summ      0%         N/A       100%        4
 Sticky Flame             Fire/Alch      0%         2d4       100%        4
 Curse of Agony           Necr           0%         N/A       100%        5
 Freezing Cloud           Conj/Ice/Air   0%         6-21      100%        5


Dungeon Overview and Level Annotations

Branches:
Dungeon (5/15)              Sewer (visited)
 Temple: D:4-7

Altars:
Nemelex Xobeh
Qazlal

Shops:
D:1 [


Innate Abilities, Weirdness & Mutations

You cannot be hasted, slowed, berserked, paralysed or teleported.
You can dig through walls and to a lower floor.
You have a pair of large antennae on your head. (SInv)
Your four strong arms can wield two-handed weapons with a shield.


Message History

You block the scorpion's attack. You block the orc's attack.
The orc hits you but does no damage.
The orc priest hits you but does no damage.
The scorpion barely misses you.
You are too injured to fight recklessly!
You are too injured to fight recklessly!
Unknown command.
You barely miss the scorpion.
The scorpion is moderately wounded.
You slash the orc!
You kill the orc!
You barely miss the orc.
You feel sick.
The orc priest calls down the wrath of Beogh upon you.
Beogh smites you!
* * * LOW HITPOINT WARNING * * *
You block the orc's attack. The scorpion completely misses you.
The orc priest hits you from afar with a +0 trident.
* * * LOW HITPOINT WARNING * * *
The orc hits you but does no damage.
You slash the scorpion!
You kill the scorpion!
You barely miss the orc.
You feel sick.
The orc priest hits you but does no damage.
The orc hits you with a +0 dagger.
* * * LOW HITPOINT WARNING * * *
Found a scroll labelled ANKEYS YQENASH.
You feel sick. The orc hits you but does no damage.
You block the orc priest's attack.
You closely miss the orc priest. You barely miss the orc.
You feel sick.
You are no longer poisoned.
You block the orc priest's attack. The orc hits you but does no damage.
You hit the orc priest but do no damage.
You closely miss the orc. The orc priest barely misses you.
The orc hits you but does no damage. x2; You block the orc priest's attack.
You hit the orc priest.
The orc priest is lightly wounded.
You hit the orc.
You kill the orc!
The orc priest invokes the aid of Beogh against you.
Beogh smites you!
You die...

......##)# .####.##.# .#
. .# #.##.#+## .# .#
.####..#....# ###.##.# ?
............# #.#....#..
....#.##....###.#.......
....#####...+.#.#....#
....# #...#[..#o...#
....#####...##.>@....#.
....##..........).......
....##..........######..
....##........=.#
#.......!..#
#............
#..........###
##########.# ...


You could see an orc priest.

Vanquished Creatures
  An ogre (D:5)
  2 kobold brigands (Sewer)
  A scorpion (D:5)
  A howler monkey (D:2)
  A jelly (D:5)
  3 iguanas
  2 orc wizards
  3 gnolls (D:5)
  2 river rats (Sewer)
  6 adders
  3 dart slugs
  12 orcs
  6 bats
  7 endoplasms
  A giant cockroach (D:2)
  11 goblins
  6 hobgoblins
  A jackal (Sewer)
  2 quokkas (D:2)
  10 ball pythons
  5 frilled lizards
  5 kobolds
  7 rats
98 creatures vanquished.

Notes
Turn   | Place    | Note
-------+----------+-------------------------------------------
     0 | D:1      | Bobbunny the Formicid Fighter began the quest for the Orb.
     0 | D:1      | Reached XP level 1. HP: 18/18 MP: 1/1
   149 | D:1      | Reached skill level 1 in Stealth
   149 | D:1      | Reached XP level 2. HP: 20/24 MP: 2/2
   728 | D:1      | Reached XP level 3. HP: 30/30 MP: 3/3
   732 | D:1      | Found a faded altar of an unknown god.
   939 | D:1      | Found Egro's Armour Emporium.
  1283 | D:2      | Reached skill level 4 in Fighting
  1283 | D:2      | Reached XP level 4. HP: 25/37 MP: 4/4
  1618 | D:2      | Reached XP level 5. HP: 43/43 MP: 5/5
  2426 | D:3      | Found a stormy altar of Qazlal.
  3132 | D:4      | Reached skill level 5 in Fighting
  3132 | D:4      | Reached XP level 6. HP: 8/51 MP: 6/6
  3320 | D:4      | Found a sparkling altar of Nemelex Xobeh.
  3908 | D:5      | Entered Level 5 of the Dungeon
  4048 | D:5      | Found a glowing drain.
  4066 | Sewer    | Entered a sewer
  4254 | Sewer    | Reached skill level 6 in Fighting
  4254 | Sewer    | Reached XP level 7. HP: 56/58 MP: 7/7
  4259 | Sewer    | Reached skill level 5 in Axes
  4293 | Sewer    | Found a white marble altar of Elyvilon.
  4463 | D:5      | Killed from afar by an orc priest

Illustrated notes

Levels and vault maps discovered:
D:1:      dpeg_arrival_water_fire, layout_basic,
          dilly_ecumenical_altar_fadedgnrine, serial_shops,
          nicolae_shop_peninsula
D:2:      layout_loops_ring
D:3:      layout_basic, old_standard_altar
D:4:      cheibrodos_greedy_goblins, layout_gridville,
          mainiacjoe_overflow_brackets
D:5:      layout_basic, regret_index_kikubaaqudgha_part_by_part,
          minmay_temple_entry_mini_moons, cheibrodos_sewer_entry_sluice

Skill      XL: |  1  2  3  4  5  6  7 |
---------------+----------------------+-----
Stealth        | 1 2 3 |  3.0
Fighting       | 4 5 6 |  6.8
Axes           | 3 4 5 |  5.6
Armour         | |  3.2
Shields        | |  4.0

Action                     |  1- 3 |  4- 6 |  7- 9 || total
---------------------------+-------+-------+-------++-------
  Melee: War axe           |    71 |   176 |    32 ||   279
 Armour: Scale mail        |    49 |    68 |       ||   117
         Plate armour      |       |    74 |    44 ||   118
  Dodge: Dodged            |    25 |    84 |    18 ||   127
  Block: Buckler           |    20 |    55 |    20 ||    95
